 Dungeon Crawl Stone Soup version 0.29.0-15-g675c0067aa (webtiles) character file.

Game seed: 3845541142559310386

2072 qw the Blocker (level 9, -6/52 HPs)
             Began as a Gargoyle Fighter on Sept 11, 2022.
             Mangled by a wight
             ... wielding a +3 scimitar of freezing
              (9 damage)
             ... on level 7 of the Dungeon.
             The game lasted 00:02:08 (5295 turns).

qw the Blocker (Gargoyle Fighter)                   Turns: 5295, Time: 00:02:08

Health: -6/52      AC: 25    Str: 25    XL:     9   Next: 26%
Magic:  9/9        EV:  4    Int:  8    God:
Gold:   257        SH: 15    Dex:  9    Spells: 8/8 levels left

rFire   . . .      SeeInvis .   Y - +1 war axe
rCold   . . .      Faith    .   h - +0 tower shield
rNeg    + . .      Spirit   .   a - +0 plate armour
rPois   inf        Reflect  .   f - +2 hat
rElec   +          Harm     .   (no cloak)
rCorr   +          Rampage  .   r - +0 pair of gloves
Will    .....                   (no boots)
Stlth   ..........              (no amulet)
HPRegen 0.17/turn               j - ring of resist corrosion
MPRegen 0.11/turn               p - +4 ring of protection

@: about to teleport
A: sickness immunity, AC +6, negative energy resistance 1, electricity
resistance, torment resistance 1, petrification resistance
a: no special abilities


You were on level 7 of the Dungeon.
You visited 2 branches of the dungeon, and saw 8 of its levels.

You collected 257 gold pieces.


Innate Abilities, Weirdness & Mutations

You are immune to sickness and miasma.
Your stone body is resilient. (AC +6)
You are immune to poison.
You resist negative energy. (rN+)
You are resistant to electric shocks. (rElec)
You are resistant to unholy torment.
You are immune to petrification.


   Skills:
 + Level 4.0 Fighting
 - Level 7.0 Axes
 - Level 3.2 Armour
 - Level 1.7 Dodging
 - Level 10.1 Shields


You had 8 spell levels left.
You didn't know any spells.
Your spell library was empty.

Inventory:

Hand Weapons
 m - a +0 morningstar
 Y - a +1 war axe (weapon)
Missiles
 o - 8 boomerangs (quivered)
Armour
 a - a +0 plate armour (worn)
 f - a +2 hat (worn)
 h - a +0 tower shield (worn)
 r - a +0 pair of gloves (worn)
Jewellery
 j - a ring of resist corrosion (left hand)
 p - a +4 ring of protection (right hand)
Scrolls
 i - a scroll of identify
Potions
 d - 3 potions of might
 e - a potion of curing
 g - 2 potions of cancellation
 n - 4 potions of attraction
 q - a potion of lignification
 s - a potion of berserk rage {unknown}

Dungeon Overview and Level Annotations

Branches:
Dungeon (7/15)             Temple (1/1) D:7

Altars:
Ashenzari
Cheibriados
Dithmenos
Fedhas
Gozag
Makhleb
Nemelex Xobeh
Sif Muna
Uskayaw
Vehumet
Wu Jian
Xom
Zin

Shops:
D:1 [   D:4 =   D:6 =


Message History

The boomerang hits the wight but does no damage.
The wight is lightly damaged.
5283 ||| FLEEEEING.
You see here a bullfrog corpse.
5284 ||| FLEEEEING.
You closely miss the wight. You block the wight's attack.
You barely miss the wight. You block the wight's attack. x2
You slash the wight!
The wight is heavily damaged.
You block the wight's attack.
You hit the wight but do no damage.
The wight is heavily damaged.
You block the wight's attack.
You hit the wight but do no damage.
The wight is heavily damaged.
The wight barely misses you. The wight hits you but does no damage.
You closely miss the wight.
The wight is heavily damaged.
You block the wight's attack.
You barely miss the wight.
The wight is heavily damaged.
The wight hits you with a +3 scimitar of freezing.
The wight freezes you. You block the wight's attack.
You barely miss the wight.
The wight is heavily damaged.
You block the wight's attack.
You closely miss the wight.
The wight is heavily damaged.
The wight hits you with a +3 scimitar of freezing!
The wight freezes you. The wight hits you but does no damage.
5294 ||| READING scroll of teleportation.
As you read the scroll of teleportation, it crumbles to dust.
You feel strangely unstable. The wight hits you but does no damage.
You closely miss the wight.
The wight is heavily damaged.
The wight hits you with a +3 scimitar of freezing!
You die...

~~~~~~~~ #..#..# #. #.#
P..).## #.. #.# #.
#.....#####... #.#
##..#...##........ #.#
#.....#...)....... #.#
#..........%.......
#.##...........%z......
##.##...........@........
..!.##.##.##.##..........
....#.........#...$..... #
...[[.................##
#.#
....#..}...}..#.........
)..
....#.........#.?....###
..#
.........>........$#.###..#
....#.........##......<..#
....#..}...}..#.........##


You could see a wight.

Vanquished Creatures
  A kobold demonologist (D:7)
  An orc warrior (D:7)
  2 black bears
  A sky beast (D:7)
  2 centaurs
  A phantom (D:5)
  3 bullfrogs
  2 necrophages
  2 scorpions
  4 wights (D:7)
  2 orc priests (D:6)
  2 hounds
  Jessica (D:2)
  5 iguanas
  6 orc wizards
  3 adders
  2 white imps
  2 worms (D:2)
  5 dart slugs
  22 orcs
  9 ball pythons
  4 endoplasms (D:1)
  3 giant cockroaches (D:1)
  6 goblins
  6 hobgoblins
  3 jackals (D:1)
  6 quokkas
  13 bats
  5 frilled lizards
  3 kobolds
  2 rats (D:2)
129 creatures vanquished.

Vanquished Creatures (others)
  2 plants (D:7)
2 creatures vanquished.

Grand Total: 131 creatures vanquished

Notes
Turn   | Place    | Note
-------+----------+-------------------------------------------
     0 | D:1      | qw the Gargoyle Fighter began the quest for the Orb.
     0 | D:1      | Reached XP level 1. HP: 14/14 MP: 1/1
     0 | D:1      | 0 ||| qw: Version: 0.1-a-119-g272c26d
     0 | D:1      | 0 ||| qw: Game counter: 10650
     0 | D:1      | 0 ||| qw: Always use a shield: true
     0 | D:1      | 0 ||| qw: God list: Okawaru
     0 | D:1      | 0 ||| qw: Allow faded altars: false
     0 | D:1      | 0 ||| qw: Do Orc after D:15 true
     0 | D:1      | 0 ||| qw: Do second Lair branch before Depths: true
     0 | D:1      | 0 ||| qw: Lair rune preference: random
     0 | D:1      | 0 ||| qw: Plans: Normal, Zot, God:TSO, Crypt, Tomb, Pan,
                  | Slime, Hells, Zig, Abyss, Orb
     0 | D:1      | 0 ||| PLANNING D:1-11
   331 | D:1      | Reached XP level 2. HP: 19/19 MP: 2/2
   779 | D:1      | Reached skill level 3 in Axes
   831 | D:1      | Found Ytevihin's Armour Boutique.
   858 | D:1      | Reached XP level 3. HP: 21/23 MP: 3/3
   887 | D:1      | 887 ||| SHOPLISTING +0 pair of gloves (49 gold, have 34).
   887 | D:1      | 887 ||| SHOPLISTING +1 plate armour of cold resistance (385
                  | gold, have 34).
   887 | D:1      | 887 ||| SHOPLISTING +2 robe of resistance (414 gold, have
                  | 34).
   910 | D:1      | 910 ||| Stepping ~*~*~tactically~*~*~ (stealth).
  1037 | D:1      | 1037 ||| Stepping ~*~*~tactically~*~*~ (stealth).
  1222 | D:1      | 1222 ||| READING scroll labelled UNWAV FEQEHOU.
  1223 | D:1      | 1223 ||| READING scroll labelled REAKLE JEVUUL.
  1224 | D:1      | 1224 ||| READING scroll labelled ADDOUSHR ZEUTSUPLE.
  1225 | D:1      | 1225 ||| READING scroll labelled ZUYNIWU ZARY.
  1226 | D:1      | 1226 ||| READING scroll labelled WUKUDE KADAG.
  1227 | D:1      | 1227 ||| READING scroll labelled XAPLUNT ZEWKARPH.
  1268 | D:2      | Found an ornate altar of the Wu Jian Council.
  1407 | D:2      | Reached XP level 4. HP: 28/28 MP: 4/4
  1416 | D:2      | Noticed Jessica
  1417 | D:2      | 1417 ||| Stepping ~*~*~tactically~*~*~ (hiding).
  1428 | D:2      | Killed Jessica
  1503 | D:2      | 1503 ||| Stepping ~*~*~tactically~*~*~ (stealth).
  1510 | D:2      | Found a faded altar of an unknown god.
  1659 | D:2      | 1659 ||| DROPPING +0 club.
  1778 | D:2      | 1778 ||| UPGRADING to ring of resist corrosion.
  1779 | D:2      | 1779 ||| DRINKING 3 lumpy golden potions.
  1780 | D:2      | 1780 ||| DRINKING 2 brown potions.
  1993 | D:3      | Reached XP level 5. HP: 27/32 MP: 5/5
  2327 | D:3      | Found a hide-covered altar of Uskayaw.
  2412 | D:3      | 2412 ||| DROPPING ring of wizardry.
  2413 | D:3      | 2413 ||| UPGRADING to +4 ring of protection.
  2414 | D:3      | 2414 ||| READING scroll labelled ZAMOUC RUMUDI.
  2417 | D:3      | 2417 ||| DRINKING 2 bubbling golden potions.
  2418 | D:3      | 2418 ||| DRINKING 3 silvery potions.
  2419 | D:3      | 2419 ||| READING 4 scrolls of identify.
  2419 | D:3      | 2419 ||| IDENTIFYING murky silvery potion
  2420 | D:3      | 2420 ||| READING 3 scrolls of identify.
  2420 | D:3      | 2420 ||| IDENTIFYING coppery potion
  2421 | D:3      | 2421 ||| DROPPING potion of brilliance.
  2422 | D:3      | 2422 ||| DROPPING potion of invisibility.
  2500 | D:4      | Found a blossoming altar of Fedhas.
  2661 | D:4      | 2661 ||| Stepping ~*~*~tactically~*~*~ (hiding).
  2662 | D:4      | 2662 ||| Stepping ~*~*~tactically~*~*~ (hiding).
  2663 | D:4      | 2663 ||| Stepping ~*~*~tactically~*~*~ (hiding).
  2678 | D:4      | 2678 ||| Stepping ~*~*~tactically~*~*~ (stealth).
  2679 | D:4      | 2679 ||| Stepping ~*~*~tactically~*~*~ (stealth).
  2680 | D:4      | 2680 ||| Stepping ~*~*~tactically~*~*~ (stealth).
  2687 | D:4      | 2687 ||| DROPPING +0 mace.
  2695 | D:4      | 2695 ||| Stepping ~*~*~tactically~*~*~ (stealth).
  2696 | D:4      | 2696 ||| Stepping ~*~*~tactically~*~*~ (stealth).
  2702 | D:4      | 2702 ||| Stepping ~*~*~tactically~*~*~ (stealth).
  2728 | D:4      | Found Neduw's Jewellery Emporium.
  2736 | D:4      | 2736 ||| SHOPLISTING +6 ring of dexterity (360 gold, have
                  | 138).
  2736 | D:4      | 2736 ||| SHOPLISTING amulet of the acrobat (300 gold, have
                  | 138).
  2736 | D:4      | 2736 ||| SHOPLISTING ring of protection from fire (250
                  | gold, have 138).
  2839 | D:4      | 2839 ||| UPGRADING to +0 plate armour.
  2849 | D:4      | 2849 ||| DROPPING +0 scale mail.
  2850 | D:4      | 2850 ||| UPGRADING to +0 tower shield.
  2860 | D:4      | 2860 ||| DROPPING +0 buckler.
  2865 | D:5      | Entered Level 5 of the Dungeon
  2872 | D:5      | 2872 ||| Stepping ~*~*~tactically~*~*~ (stealth).
  2877 | D:5      | 2877 ||| Stepping ~*~*~tactically~*~*~ (stealth).
  2878 | D:5      | 2878 ||| Stepping ~*~*~tactically~*~*~ (stealth).
  2879 | D:5      | 2879 ||| STAIRDANCE
  2885 | D:4      | 2885 ||| READING scroll labelled ECLYIZ JUGGIELETO.
  2893 | D:5      | Reached XP level 6. HP: 37/37 MP: 6/6
  2895 | D:5      | Found a snail-covered altar of Cheibriados.
  2901 | D:5      | Reached skill level 4 in Shields
  3022 | D:5      | You fall into a shaft and drop 2 floors!
  3028 | D:7      | Found a staircase to the Ecumenical Temple.
  3029 | D:7      | 3029 ||| PLANNING TEMPLE
  3029 | D:7      | 3029 ||| READING 3 scrolls of identify.
  3029 | D:7      | 3029 ||| IDENTIFYING glowing blue potion
  3030 | D:7      | 3030 ||| DROPPING potion of flight.
  3033 | D:7      | 3033 ||| Stepping ~*~*~tactically~*~*~ (hiding).
  3045 | D:7      | Reached skill level 5 in Shields
  3045 | D:7      | 3045 ||| DRINKING 2 potions of curing.
  3045 | D:7      | 3045 ||| (to cure confusion)
  3046 | D:7      | Noticed a kobold demonologist
  3067 | D:7      | Noticed an orange demon
  3068 | D:7      | Killed a kobold demonologist
  3069 | D:7      | Reached skill level 7 in Shields
  3069 | D:7      | Reached XP level 7. HP: 36/41 MP: 7/7
  3113 | Temple   | Entered the Ecumenical Temple
  3254 | Temple   | 3254 ||| PLANNING D:1-11
  3300 | D:6      | 3300 ||| DROPPING +4 war axe of distortion.
  3303 | D:6      | 3303 ||| Stepping ~*~*~tactically~*~*~ (hiding).
  3305 | D:6      | 3305 ||| Stepping ~*~*~tactically~*~*~ (hiding).
  3397 | D:6      | Found Qyizxeth's Jewellery Shop.
  3404 | D:6      | 3404 ||| SHOPLISTING +4 ring of protection (504 gold, have
                  | 161).
  3404 | D:6      | 3404 ||| SHOPLISTING +4 ring of slaying (1092 gold, have
                  | 161).
  3404 | D:6      | 3404 ||| SHOPLISTING +6 ring of strength (504 gold, have
                  | 161).
  3404 | D:6      | 3404 ||| SHOPLISTING amulet of Ashenzari, Bedazzling
                  | {Acrobat rElec} (616 gold, have 161).
  3404 | D:6      | 3404 ||| SHOPLISTING amulet of guardian spirit (420 gold,
                  | have 161).
  3404 | D:6      | 3404 ||| SHOPLISTING amulet of reflection (420 gold, have
                  | 161).
  3404 | D:6      | 3404 ||| SHOPLISTING ring of see invisible (210 gold, have
                  | 161).
  3405 | D:6      | 3405 ||| READING scroll labelled GOLAEKEXIDGH.
  3691 | D:5      | Reached skill level 8 in Shields
  3691 | D:5      | Reached XP level 8. HP: 46/46 MP: 8/8
  3707 | D:5      | Found a shadowy altar of Dithmenos.
  4044 | D:6      | 4044 ||| Stepping ~*~*~tactically~*~*~ (hiding).
  4184 | D:6      | Reached skill level 9 in Shields
  4275 | D:6      | 4275 ||| Stepping ~*~*~tactically~*~*~ (hiding).
  4595 | D:6      | 4595 ||| DRINKING potion of curing.
  4595 | D:6      | 4595 ||| (to cure confusion)
  4598 | D:6      | HP: 9/48 [iguana (10)]
  4599 | D:6      | 4599 ||| DRINKING 2 potions of heal wounds.
  4601 | D:6      | 4601 ||| DRINKING potion of heal wounds.
  4612 | D:6      | Reached skill level 6 in Axes
  4823 | D:6      | 4823 ||| UPGRADING to +2 hat.
  4828 | D:6      | 4828 ||| UPGRADING to +0 pair of gloves.
  4833 | D:6      | 4833 ||| READING scroll labelled GAERRE OJEWIKH.
  4834 | D:6      | 4834 ||| READING scroll labelled BOSAIM NOROOCE.
  4935 | D:6      | 4935 ||| DRINKING 2 sedimented orange potions.
  4956 | D:6      | 4956 ||| READING 2 scrolls of identify.
  4956 | D:6      | 4956 ||| IDENTIFYING metallic red potion
  4957 | D:6      | 4957 ||| DROPPING potion of ambrosia.
  4999 | D:7      | Reached skill level 10 in Shields
  5001 | D:7      | Reached XP level 9. HP: 28/52 MP: 9/9
  5139 | D:7      | 5139 ||| READING 3 scrolls of teleportation.
  5164 | D:7      | HP: 13/52 [orc warrior/+0 dire flail (9)]
  5165 | D:7      | 5165 ||| READING 2 scrolls of teleportation.
  5168 | D:7      | Reached skill level 1 in Dodging
  5283 | D:7      | 5283 ||| FLEEEEING.
  5284 | D:7      | 5284 ||| FLEEEEING.
  5293 | D:7      | HP: 7/52 [wight/+3 scimitar of freezing (11)]
  5293 | D:7      | HP: 2/52 [wight/+3 scimitar of freezing (5)]
  5294 | D:7      | 5294 ||| READING scroll of teleportation.
  5295 | D:7      | Mangled by a wight

Levels and vault maps discovered:
D:1:      amcnicky_arrival_gap_in_the_tavern_cellar, layout_loops_corners,
          serial_shops, shop, minmay_tromino_v4_c
D:2:      layout_basic, nicolae_ecumenical_snake_handling, basic_altar,
          uniq_jessica
D:3:      layout_rooms, nicolae_uskayaw_suspiria
D:4:      layout_rooms, lemuel_crystal_altar, serial_shops, shop_statue
D:5:      layout_rooms, lemuel_tele_altar, cheibriados_altar_1
D:6:      layout_basic, serial_shops, shop
D:7:      layout_rooms, mainiacjoe_overflow_small_starburst,
          gammafunk_temple_overflow_wave, nicolae_elyvilon_temple_path,
          minmay_temple_entry_large_hall, nicolae_elevator_lobby_plus,
          uniq_crazy_yiuf_cottage
Temple:   hellmonk_temple_forest_ring

Skill      XL: |  1  2  3  4  5  6  7  8  9 |
---------------+----------------------------+-----
Axes           | 2 3 4 5 6 7 |  7.0
Shields        | 7 8 10 | 10.1
Fighting       | 4 |  4.0
Dodging        | 1 |  1.7
Armour         | |  3.2

Action                   |  1- 3 |  4- 6 |  7- 9 || total
-------------------------+-------+-------+-------++-------
Melee: War axe           |   110 |   158 |   164 ||   432
Throw: Boomerang         |    16 |    56 |    25 ||    97
  Use: Scroll            |     6 |     5 |     7 ||    18
       Potion            |       |     5 |     4 ||     9
Armor: Scale mail        |    81 |    50 |       ||   131
       Plate armour      |       |    39 |   171 ||   210
Dodge: Dodged            |    52 |    42 |    24 ||   118
Block: Buckler           |    19 |    24 |       ||    43
       Tower shield      |       |    39 |   165 ||   204

Table legend:
 A = Non-vault XP
 B = Vault XP
 C = Vault XP percentage of total XP
 D = Non-vault monster count
 E = Vault monster count
 F = Vault count percentage of total count
                 A         B        C        D         E       F
            +---------+---------+-------+---------+---------+-------
      Total |    2915 |      46 |   1.6 |     121 |       8 |   6.2
            +---------+---------+-------+---------+---------+-------
        D:1 |      45 |       5 |  10.0 |      26 |       3 |  10.3
        D:2 |      49 |      41 |  45.6 |      15 |       5 |  25.0
        D:3 |      60 |       0 |   0.0 |      18 |       0 |   0.0
        D:4 |      77 |       0 |   0.0 |      16 |       0 |   0.0
        D:5 |     532 |       0 |   0.0 |      12 |       0 |   0.0
        D:6 |     862 |       0 |   0.0 |      18 |       0 |   0.0
        D:7 |    1290 |       0 |   0.0 |      16 |       0 |   0.0
            +---------+---------+-------+---------+---------+-------
